Map: Eastwatch LE

Players

Maru - Winner!

  • Race: Terran Terran
  • Spawn Location: 1:00

Serral

  • Race: Zerg Zerg
  • Spawn Location: 7:00

Event: WESG 2017 Haikou

VOD

Have the link to the VOD?

Description

Time

  • Played on: March 17, 2018, 3:09 a.m.
  • Length: 34:39

All games in this series

Show
View Real Time Build Order
Export as new Build Order

Maru Terran - Winner!

Build Orders: Gas First Reaper Expand, Reaper Expand, Hellion Banshee, Mech 

Get SALT Encoding   

  12  0:00  SCV  
  13  0:12  SCV  
  14  0:17  Supply Depot  
  14  0:24  SCV  
  15  0:29  Refinery  
  15  0:38  SCV  
  16  0:44  Barracks  
  16  0:50  SCV  
  17  1:02  SCV  
  18  1:15  SCV  
  19  1:30  Orbital Command  
  19  1:31  Reaper  
  20  1:43  Command Center  
  20  1:54  Factory  
  20  1:56  SCV  
  21  2:02  Refinery  
  21  2:06  Barracks Reactor  
  21  2:08  SCV  
  21  2:14  Supply Depot  
  22  2:21  SCV  
  23  2:36  SCV  
  24  2:41  Starport  
  24  2:48  SCV, Hellion  
  24  2:49  Hellion  
  24  2:50  Barracks Tech Lab  
  29  2:57  Orbital Command  
  29  3:00  SCV  
  30  3:10  Hellion x2  
  34  3:14  SCV  
  35  3:22  SCV  
  35  3:23  Viking  
  38  3:30  Cloaking Field  
  38  3:31  Supply Depot  
  38  3:37  SCV x2  
  40  3:44  Hellion x2  
  40  3:45  Barracks Tech Lab  
  44  3:49  SCV  
  45  3:56  Supply Depot  
  45  3:59  SCV  
  46  4:03  SCV  
  46  4:05  Banshee  
  46  4:06  Hellion  
  48  4:11  SCV  
  48  4:16  Hellion  
  48  4:20  SCV  
  48  4:23  Supply Depot  
  47  4:27  SCV, Hellion  
  50  4:32  SCV  
  50  4:37  Command Center  
  51  4:42  SCV  
  51  4:44  SCV  
  53  4:46  Refinery  
  53  4:48  Refinery  
  53  4:50  Banshee  
  56  4:55  SCV  
  56  4:56  SCV  
  56  4:59  Marine x2  
  58  5:00  Siege Tank  
  63  5:07  SCV, Supply Depot  
  63  5:08  SCV  
  65  5:19  SCV  
  65  5:20  Factory x2  
  66  5:23  SCV  
  67  5:31  SCV, Supply Depot  
  67  5:33  Banshee  
  71  5:37  Siege Tank  
  71  5:40  SCV  
  71  5:41  Engineering Bay  
  75  5:46  Bunker  
  75  5:48  SCV  
  73  6:00  Marine  
  73  6:02  Orbital Command  
  73  6:06  Cyclone  
  73  6:09  SCV  
  71  6:13  Siege Tank  
  71  6:18  SCV, Marine  
  63  6:22  SCV  
  63  6:24  Banshee  
  55  6:36  Marine  
  53  6:40  Cyclone  
  53  6:45  Siege Tank  
  56  6:52  SCV x2  
  46  6:58  SCV  
  46  7:00  Hellion  
  34  7:04  SCV  
  34  7:06  SCV  
  34  7:10  SCV  
  29  7:16  SCV  
  29  7:27  SCV  
  27  7:34  SCV  
  25  7:48  SCV  
  26  7:53  SCV x2  
  28  8:00  SCV  
  28  8:05  SCV  
  30  8:08  SCV  
  30  8:09  Banshee  
  34  8:13  SCV  
  32  8:23  SCV  
  32  8:24  SCV  
  32  8:25  SCV  
  35  8:35  SCV, Hellion  
  35  8:36  SCV, Hellion  
  35  8:41  SCV  
  42  8:47  SCV  
  44  8:48  SCV  
  44  8:53  SCV  
  45  8:57  Banshee  
  45  8:59  SCV  
  45  9:00  SCV  
  50  9:05  SCV  
  51  9:12  Factory Tech Lab  
  51  9:13  SCV  
  51  9:15  Orbital Command  
  52  9:17  SCV  
  52  9:24  Hellion x2  
  57  9:25  SCV  
  58  9:31  SCV  
  58  9:37  SCV  
  60  9:41  Armory  
  60  9:43  SCV  
  60  9:44  SCV  
  62  9:49  SCV  
  63  9:55  Banshee  
  63  9:56  SCV  
  63  9:59  Armory  
  67  10:00  SCV  
  67  10:06  SCV  
  69  10:08  SCV  
  69  10:12  SCV  
  69  10:13  Hellion  
  69  10:14  Hellion  
  73  10:19  SCV  
  74  10:25  SCV x2  
  74  10:27  Refinery  
  76  10:28  Refinery  
  76  10:31  SCV  
  77  10:37  Siege Tank x2  
  77  10:38  SCV  
  77  10:42  Banshee  
  84  10:43  SCV  
  81  10:51  SCV  
  81  10:55  SCV, Starport  
  81  10:56  Starport  
  79  10:59  SCV  
  80  11:05  Hyperflight Rotors  
  79  11:13  SCV x3  
  82  11:20  Siege Tank  
  82  11:21  Supply Depot  
  82  11:25  SCV x2  
  87  11:26  Banshee  
  87  11:32  Supply Depot  
  90  11:33  Terran Vehicle Weapons Level 1  
  90  11:35  SCV  
  90  11:37  SCV, Starport Tech Lab  
  90  11:38  Starport Reactor  
  92  11:40  Terran Vehicle And Ship Armor Level 1  
  92  11:43  SCV  
  93  11:47  SCV  
  93  11:50  Supply Depot  
  94  11:58  Command Center  
  94  11:59  SCV  
  95  12:08  SCV x2  
  97  12:11  SCV, Supply Depot  
  97  12:13  Banshee x2  
  104  12:20  SCV x2  
  104  12:22  Viking  
  108  12:23  SCV  
  108  12:24  Viking  
  111  12:30  Supply Depot  
  111  12:32  Supply Depot  
  111  12:33  SCV x2  
  111  12:36  SCV  
  114  12:44  Corvid Reactor, Starport  
  114  12:46  SCV  
  114  12:47  Starport  
  114  12:51  Hellion x2  
  119  12:52  SCV  
  119  12:53  SCV  
  119  12:58  SCV  
  122  13:04  SCV  
  118  13:08  Banshee x2  
  118  13:09  Viking x2  
  118  13:12  Supply Depot  
  128  13:15  SCV  
  128  13:16  SCV  
  130  13:26  SCV  
  131  13:27  Terran Ship Weapons Level 1  
  131  13:39  Starport Tech Lab, Starport Reactor  
  131  13:45  Factory  
  131  13:46  Factory  
  131  13:49  Viking x2  
  131  13:50  Siege Tank x2  
  131  13:51  Banshee x2  
  147  14:03  Terran Vehicle Weapons Level 2  
  147  14:07  SCV  
  147  14:08  Command Center  
  148  14:23  Viking x2  
  150  14:26  Orbital Command  
  150  14:27  SCV x3  
  151  14:39  Raven x2, Viking x2  
  151  14:55  Viking  
  148  15:03  Raven  
  148  15:05  Refinery x2  
  150  15:08  Supply Depot  
  150  15:09  Supply Depot  
  150  15:11  Engineering Bay  
  147  15:16  Siege Tank x2, Hellion  
  147  15:17  Hellion  
  147  15:19  Viking x2  
  161  15:30  Raven, Viking  
  165  15:42  Viking x2  
  167  15:55  SCV  
  168  16:01  Command Center  
  168  16:05  Raven  
  168  16:06  Viking x2  
  170  16:19  Terran Ship Weapons Level 2  
  170  16:29  Missile Turret  
  170  16:31  Missile Turret  
  158  16:35  SCV  
  158  16:36  SCV  
  160  16:47  Barracks x2  
  160  16:50  Barracks  
  160  17:01  Raven  
  160  17:05  Raven  
  160  17:07  Missile Turret  
  160  17:08  Raven  
  166  17:10  Missile Turret  
  166  17:15  Orbital Command  
  166  17:18  Sensor Tower  
  166  17:19  Missile Turret  
  160  17:28  Siege Tank  
  160  17:29  Siege Tank, Hellion x2  
  164  17:30  Factory Tech Lab x2  
  163  17:39  Barracks Tech Lab x2  
  163  17:40  Barracks Tech Lab  
  163  17:41  Terran Infantry Weapons Level 1  
  163  17:42  Ghost Academy  
  163  17:48  Raven  
  163  17:49  Raven  
  163  17:50  Raven  
  169  17:52  Siege Tank  
  172  18:00  Sensor Tower  
  169  18:18  Supply Depot  
  169  18:19  Command Center, Supply Depot  
  166  18:20  Supply Depot  
  163  18:29  SCV x2  
  163  18:31  Banshee x2  
  163  18:33  Banshee  
  171  18:47  Ghost  
  173  18:52  Ghost x2  
  177  19:02  SCV x4  
  181  19:05  Personal Cloaking  
  181  19:10  Engineering Bay  
  181  19:14  SCV x4, Banshee x2  
  181  19:16  Banshee  
  181  19:35  Command Center  
  173  19:40  Ghost x2  
  173  19:41  Ghost  
  179  19:45  Siege Tank  
  182  19:57  Banshee  
  185  20:02  Terran Ship Weapons Level 3  
  185  20:06  Supply Depot  
  185  20:07  Supply Depot  
  185  20:08  Terran Vehicle And Ship Armor Level 2  
  185  20:18  Banshee  
  186  20:25  Sensor Tower  
  186  20:37  Command Center  
  186  20:46  Ghost x3  
  189  21:00  Banshee x2  
  186  21:10  Banshee  
  180  21:16  Planetary Fortress  
  180  21:18  Refinery  
  180  21:19  Refinery  
  180  21:34  Missile Turret  
  180  21:35  Missile Turret x3  
  180  21:43  Banshee x2  
  186  21:50  Missile Turret  
  186  21:53  Banshee  
  187  21:55  Refinery  
  187  21:56  Refinery, Ghost x3  
  193  22:02  Command Center  
  193  22:03  Command Center  
  193  22:05  Terran Infantry Armor Level 1  
  193  22:13  Orbital Command  
  193  22:22  Command Center  
  190  22:23  Command Center  
  190  22:26  Banshee  
  190  22:27  Terran Infantry Weapons Level 2  
  190  22:28  Nuke  
  193  22:31  SCV x3  
  193  22:32  SCV  
  197  22:50  Missile Turret  
  197  22:51  Missile Turret x2  
  197  22:59  Terran Vehicle Weapons Level 3, Terran Vehicle And Ship Armor Level 3  
  197  23:16  Command Center  
  173  23:39  Ghost x3  
  158  23:54  Siege Tank x2  
  162  23:55  Orbital Command  
  162  23:58  Infernal Pre-Igniter  
  162  24:00  Hellion x4  
  170  24:08  Ghost x3  
  168  24:32  Raven x2  
  168  24:36  Ghost x2  
  176  24:53  Planetary Fortress  
  176  25:01  Refinery x2  
  176  25:05  Hellion x2  
  176  25:06  Hellion x4  
  188  25:15  Refinery x2  
  188  25:22  Planetary Fortress  
  188  25:26  Raven x3  
  188  25:27  Ghost, Hellion  
  194  25:36  Hellion  
  194  25:37  Hellion x2  
  191  26:08  Missile Turret  
  191  26:09  Raven x2, Ghost x2  
  199  26:27  Refinery x2  
  199  26:31  Terran Infantry Armor Level 2, Terran Infantry Weapons Level 3  
  199  26:32  Missile Turret x2  
  199  26:33  Missile Turret x2  
  181  27:06  Banshee x3  
  181  27:07  Viking x2  
  190  27:11  Ghost x2  
  190  27:12  Ghost  
  194  27:16  Barracks x2  
  194  27:41  Ghost Academy  
  194  27:42  Ghost Academy x3  
  194  27:43  Orbital Command  
  194  28:00  Nuke  
  194  28:10  Nuke  
  194  28:12  Nuke x3  
  194  28:15  Ghost Academy x2  
  191  28:21  Missile Turret  
  191  28:24  Barracks Tech Lab, Ghost x3  
  197  28:29  Command Center  
  197  28:34  Missile Turret x2  
  196  28:49  Medivac x2  
  196  28:55  Nuke  
  200  29:10  Barracks Tech Lab  
  200  29:11  Terran Infantry Armor Level 3  
  200  29:38  Missile Turret x3  
  200  29:39  Missile Turret x2  
  200  29:47  Nuke x3  
  195  30:22  Nuke x2  
  193  30:31  Ghost x2  
  193  30:32  Ghost x2  
  189  30:40  Ghost  
  189  30:43  Hellion x6  
  193  31:00  Ghost x2  
  197  31:05  Fusion Core  
  197  31:09  Ghost  
  199  31:23  Missile Turret x2  
  199  31:24  Missile Turret  
  198  31:26  Missile Turret  
  171  31:49  Hellion x4  
  171  31:50  Hellion x2  
  171  31:51  SCV  
  184  31:55  Missile Turret, Battlecruiser  
  184  31:56  Battlecruiser, Missile Turret  
  184  31:57  Weapon Refit  
  188  32:10  Hellion  
  190  32:15  Ghost  
  192  32:26  Ghost x4  
  198  32:30  Orbital Command  
  198  32:37  Command Center  
  198  32:44  Ghost  
  198  32:49  Hellion  
  198  32:50  Nuke, Hellion x5  
  198  32:51  Nuke x2, Hellion  
  198  33:11  Smart Servos  
  197  33:18  Ghost  
  182  33:42  Ghost x2  
  182  33:47  Ghost  
  182  33:48  Ghost x2  
Show
View Real Time Build Order
Export as new Build Order

Serral Zerg 

Build Orders: Hatch First 

Get SALT Encoding   

  12  0:00  Drone  
  13  0:12  Overlord  
  13  0:17  Drone  
  14  0:31  Drone x2  
  14  0:35  Drone  
  17  0:52  Hatchery  
  17  0:55  Drone  
  17  0:58  Drone  
  18  1:08  Extractor  
  17  1:13  Spawning Pool  
  17  1:16  Drone  
  17  1:19  Drone  
  18  1:30  Drone  
  19  1:40  Overlord  
  19  1:49  Drone  
  20  2:01  Queen  
  20  2:02  Zergling x2  
  20  2:03  Queen  
  20  2:04  Zergling x2  
  26  2:12  Drone  
  26  2:14  Drone  
  28  2:29  Hatchery  
  27  2:31  Metabolic Boost  
  28  2:37  Drone x2  
  28  2:43  Queen  
  31  2:48  Overlord  
  31  2:53  Drone  
  31  2:54  Drone  
  31  2:56  Drone  
  34  2:59  Drone  
  35  3:09  Drone x2  
  35  3:10  Drone x2  
  39  3:14  Overlord  
  39  3:18  Drone x2  
  41  3:23  Queen  
  43  3:28  Zergling x2  
  43  3:31  Overlord  
  44  3:34  Zergling x2  
  44  3:39  Zergling x2  
  46  3:45  Drone  
  46  3:46  Drone x4  
  51  3:52  Lair  
  51  3:54  Zergling x4  
  53  4:02  Drone x5  
  56  4:06  Extractor  
  56  4:08  Extractor  
  56  4:09  Zergling x2  
  54  4:13  Drone x2  
  54  4:15  Roach Warren  
  53  4:18  Overlord  
  53  4:21  Overlord  
  53  4:23  Queen  
  55  4:26  Overlord  
  55  4:33  Overlord  
  55  4:36  Overlord  
  54  4:39  Zergling x6  
  57  4:54  Nydus Network  
  57  4:55  Overseer  
  57  4:57  Roach  
  57  4:58  Roach x3  
  64  5:01  Queen  
  64  5:06  Roach x2  
  70  5:10  Overlord  
  70  5:13  Overlord  
  70  5:17  Roach  
  70  5:18  Roach x2  
  76  5:23  Overlord  
  76  5:24  Zergling x4  
  78  5:34  Spore Crawler  
  78  5:35  Overseer  
  75  5:37  Nydus Canal  
  75  5:41  Roach x2  
  77  5:48  Roach  
  78  5:55  Roach x2  
  81  6:03  Roach  
  77  6:12  Roach  
  71  6:21  Nydus Canal  
  71  6:22  Zergling x14  
  71  6:24  Zergling x2  
  67  6:28  Roach  
  69  6:34  Zergling x4  
  69  6:39  Roach  
  71  6:45  Roach x2  
  64  6:55  Roach x2  
  64  6:59  Zergling x2  
  64  7:01  Zergling x2  
  61  7:05  Nydus Canal  
  61  7:08  Roach, Zergling x2  
  57  7:13  Queen  
  53  7:21  Queen  
  44  7:23  Drone  
  44  7:27  Drone  
  42  7:30  Drone  
  42  7:34  Drone x2  
  42  7:41  Drone  
  41  7:59  Queen  
  41  8:00  Drone  
  41  8:01  Drone  
  45  8:07  Drone x2  
  45  8:08  Drone  
  48  8:14  Drone, Spore Crawler  
  48  8:15  Drone  
  45  8:27  Spore Crawler, Queen  
  45  8:30  Drone  
  45  8:31  Drone x2  
  49  8:38  Drone  
  49  8:40  Drone  
  51  8:42  Drone  
  51  8:46  Drone  
  49  8:50  Drone  
  49  8:55  Queen  
  52  9:01  Drone x3  
  55  9:07  Drone x3  
  57  9:14  Glial Reconstitution  
  57  9:16  Drone x2  
  59  9:20  Drone x3  
  62  9:26  Extractor, Queen  
  63  9:34  Queen  
  63  9:36  Queen  
  67  9:38  Drone x2  
  67  9:39  Drone  
  67  9:43  Extractor  
  69  9:49  Overlord  
  69  9:50  Drone x4  
  73  9:54  Evolution Chamber  
  73  9:55  Evolution Chamber  
  73  9:57  Drone x2  
  73  10:02  Queen  
  73  10:06  Overlord  
  75  10:13  Overlord  
  75  10:15  Roach x4  
  83  10:21  Roach  
  83  10:22  Roach x2  
  89  10:31  Drone x3  
  89  10:33  Zerg Ground Armor Level 1, Zerg Missile Weapons Level 1  
  89  10:34  Drone x2  
  94  10:35  Drone  
  94  10:37  Drone  
  94  10:38  Drone  
  97  10:47  Drone  
  97  10:48  Drone x5  
  100  10:55  Drone x2  
  100  10:56  Drone x2  
  104  10:59  Queen  
  104  11:01  Overlord  
  106  11:08  Drone x2  
  106  11:09  Extractor  
  107  11:16  Roach x2  
  111  11:19  Roach x3  
  111  11:20  Roach  
  111  11:21  Hatchery  
  116  11:29  Drone, Overlord  
  116  11:30  Overlord  
  116  11:31  Extractor, Pneumatized Carapace  
  116  11:32  Overseer  
  116  11:36  Roach x4  
  124  11:40  Infestation Pit  
  124  11:45  Hydralisk Den  
  122  11:49  Drone x8  
  130  12:07  Drone x5  
  133  12:11  Roach x5  
  133  12:14  Extractor  
  133  12:15  Extractor  
  141  12:18  Hive  
  141  12:19  Muscular Augments  
  141  12:22  Drone x2  
  143  12:23  Drone, Overlord  
  144  12:35  Overlord  
  144  12:36  Zerg Missile Weapons Level 2, Zerg Ground Armor Level 2  
  144  12:39  Spore Crawler  
  144  12:40  Drone, Queen  
  146  12:47  Hydralisk x5  
  156  12:53  Overlord  
  156  12:54  Hydralisk  
  156  12:55  Hydralisk  
  159  13:06  Hatchery  
  158  13:14  Spore Crawler  
  158  13:17  Spore Crawler  
  156  13:21  Hydralisk x8  
  164  13:29  Viper x3  
  164  13:33  Grooved Spines  
  173  13:39  Queen  
  173  13:40  Hydralisk x3  
  181  13:45  Overlord  
  182  13:48  Drone x3  
  182  13:51  Overlord x2  
  182  13:55  Spire  
  183  14:04  Overseer  
  183  14:05  Viper x3  
  183  14:09  Overlord  
  192  14:14  Overseer  
  192  14:15  Overseer x2  
  184  14:19  Overlord  
  180  14:25  Hydralisk  
  180  14:26  Hydralisk x6  
  194  14:31  Nydus Canal  
  194  14:35  Overlord  
  192  14:40  Roach x5  
  190  14:57  Hydralisk x2  
  190  14:58  Roach x4  
  200  15:03  Spore Crawler  
  200  15:04  Spore Crawler  
  200  15:05  Viper x2  
  190  15:18  Nydus Canal  
  190  15:25  Viper  
  190  15:29  Extractor  
  190  15:31  Extractor, Drone x3  
  190  15:32  Drone x3  
  194  15:38  Hatchery  
  194  15:41  Zerg Ground Armor Level 3  
  194  15:42  Zerg Missile Weapons Level 3  
  183  15:47  Spore Crawler  
  183  15:48  Spore Crawler  
  177  15:50  Spine Crawler  
  177  15:51  Spine Crawler, Drone x3, Spore Crawler  
  177  15:53  Spore Crawler  
  177  15:55  Overlord  
  176  15:58  Greater Spire  
  176  16:00  Drone  
  176  16:01  Drone x2, Spore Crawler  
  178  16:08  Viper x2  
  184  16:37  Spine Crawler  
  184  16:38  Spine Crawler, Spore Crawler x2  
  184  16:39  Spine Crawler  
  179  16:44  Drone x3  
  179  16:45  Drone x2  
  179  16:46  Hatchery  
  181  17:12  Zerg Flyer Weapons Level 1  
  181  17:25  Hydralisk x3  
  187  17:37  Viper  
  190  17:48  Ultralisk Cavern  
  189  17:52  Lair  
  189  17:59  Overlord  
  187  18:07  Hatchery  
  184  18:18  Zerg Melee Weapons Level 1  
  184  18:20  Hydralisk  
  184  18:21  Hydralisk x5  
  196  18:32  Drone x4  
  200  18:44  Pathogen Glands, Burrow  
  200  18:57  Spine Crawler x2  
  200  18:59  Spore Crawler  
  197  19:05  Chitinous Plating  
  197  19:06  Zerg Flyer Armor Level 1  
  197  19:14  Drone x2  
  197  19:15  Drone  
  172  19:36  Viper x4  
  172  19:38  Drone x3  
  186  19:39  Drone x7  
  186  19:40  Neural Parasite  
  186  19:42  Drone x3  
  186  19:45  Drone x3  
  200  19:51  Hive  
  200  19:58  Overseer  
  200  20:03  Spine Crawler  
  200  20:04  Spine Crawler x2, Spore Crawler  
  200  20:06  Hydralisk x2  
  200  20:08  Spore Crawler  
  200  20:11  Hatchery  
  198  20:19  Infestor x4  
  196  20:43  Hatchery  
  196  20:45  Infestor x2  
  196  20:48  Overlord  
  196  20:49  Zerg Melee Weapons Level 2  
  174  21:06  Corruptor x13  
  200  21:31  Extractor  
  200  21:32  Extractor  
  198  21:33  Drone  
  198  21:34  Drone  
  197  21:56  Overseer  
  197  22:03  Brood Lord  
  197  22:04  Zerg Flyer Weapons Level 2  
  199  22:33  Spine Crawler  
  199  22:35  Spore Crawler  
  199  22:36  Spore Crawler  
  196  22:44  Brood Lord x3  
  199  23:02  Hatchery  
  199  23:09  Zerg Melee Weapons Level 3  
  199  23:12  Hatchery  
  198  23:21  Brood Lord  
  190  23:28  Hydralisk x6  
  190  23:29  Hydralisk x5  
  169  23:45  Brood Lord  
  169  23:46  Brood Lord x7  
  185  23:53  Infestor x4  
  185  23:54  Overlord x3  
  193  24:01  Overlord  
  161  24:18  Viper  
  161  24:19  Viper x4  
  161  24:20  Zerg Flyer Armor Level 2  
  176  24:25  Hydralisk x12  
  176  24:26  Extractor  
  176  24:27  Extractor  
  188  24:34  Hydralisk x10  
  198  25:09  Spore Crawler  
  198  25:10  Drone x3  
  198  25:11  Spore Crawler  
  198  25:12  Spore Crawler  
  198  25:16  Spore Crawler  
  198  25:17  Spore Crawler  
  198  25:18  Drone x5, Spore Crawler  
  199  26:07  Hatchery  
  198  26:11  Hydralisk  
  200  26:20  Drone x7  
  200  26:23  Drone x4  
  200  26:35  Spine Crawler  
  200  26:36  Spine Crawler x2  
  200  26:37  Spine Crawler  
  191  26:54  Corruptor x5  
  188  27:06  Hydralisk x8  
  188  27:09  Drone x4  
  188  27:11  Spine Crawler  
  188  27:12  Spine Crawler  
  188  27:13  Spine Crawler  
  187  27:40  Drone x3  
  187  27:41  Extractor  
  185  27:45  Overseer x2  
  185  27:46  Overseer  
  185  27:48  Viper x4  
  195  27:54  Zerg Flyer Armor Level 3  
  195  27:55  Overseer  
  195  28:01  Hatchery  
  192  28:27  Brood Lord, Spore Crawler  
  191  28:28  Brood Lord  
  192  29:29  Hatchery  
  187  29:50  Corruptor x6, Brood Lord, Extractor  
  196  30:32  Hydralisk x6, Zerg Flyer Weapons Level 3  
  190  31:03  Hydralisk x2, Brood Lord  
  190  31:04  Hydralisk x2  
  200  31:31  Viper x4  
  194  31:35  Drone x8  
  170  31:50  Drone x3  
  169  32:10  Extractor, Drone x3  
  169  32:11  Drone x3, Spore Crawler  
  169  32:12  Extractor  
  158  32:18  Queen x6  
  158  32:22  Overseer, Zergling x46  
  189  32:32  Overseer x2  
  187  32:48  Extractor x2, Hatchery  
  184  32:54  Spore Crawler  
  184  32:56  Spine Crawler x3, Spore Crawler  
  184  32:58  Drone x6  
  183  32:59  Drone  
  186  33:12  Hydralisk x5  
  180  33:19  Hydralisk  
  188  33:21  Hatchery, Overlord x2  
  188  33:23  Overlord  
  188  33:25  Spawning Pool  
  186  33:35  Overlord  
  178  34:02  Drone x3  
  174  34:03  Drone  
  174  34:05  Drone x5  
  174  34:08  Corruptor  
  174  34:09  Corruptor x2  
  186  34:15  Zergling x6  
Tags
 
Add a new tag
Caveats
  • Supply blocks, unpowered buildings, or Contaminate may cause inaccurate times.
  • Supply counts are checked every 10 seconds.